 Dungeon Crawl Stone Soup version 0.27-a0-1123-g2f9bb313c0 (webtiles) character file.

Game seed: 10568909877052762850

16 Zeld the Shield-Bearer (level 2, 0/21 HPs)
             Began as an Octopode Fighter on May 3, 2021.
             Slain by a gnoll
             ... wielding a +0 whip
              (7 damage)
             ... on level 2 of the Dungeon.
             The game lasted 00:01:14 (293 turns).

Zeld the Shield-Bearer (Octopode Fighter)            Turns: 293, Time: 00:01:15

Health: 0/21       AC:  1    Str: 15    XL:     2   Next: 58%
Magic:  2/2        EV: 11    Int: 10    God:
Gold:   0          SH:  8    Dex: 11    Spells: 1/1 levels left

rFire    . . .     SeeInvis .   a - +0 war axe
rCold    . . .     Faith    .   b - +0 kite shield
rNeg     . . .     Spirit   .   (helmet restricted)
rPois    .         Reflect  .   (no amulet)
rElec    .         Harm     .   (no ring)
rCorr    .         Rampage  .   (no ring)
Will     .....                  (no ring)
Stlth    ++........             (no ring)
HPRegen  0.07/turn              (no ring)
MPRegen  0.08/turn              (no ring)
                                (no ring)
                                (no ring)

@: no status effects
A: almost no armour, amphibious, 8 rings, camouflage 1, gelatinous body 1,
(nimble swimmer 1), tentacles
a: no special abilities


You were on level 2 of the Dungeon.
You visited 1 branch of the dungeon, and saw 3 of its levels.

Inventory:

Hand Weapons
 a - a +0 war axe (weapon)
Armour
 b - a +0 kite shield (worn)
Potions
 c - a potion of might


   Skills:
 * Level 3.2 Fighting
 * Level 2.3 Axes
 - Level 3.0 Dodging
 * Level 3.3 Shields


You had one spell level left.
You didn't know any spells.
Your spell library was empty.

Dungeon Overview and Level Annotations

Branches:
Dungeon (3/15)

Altars:

Shops:
D:2 ((*


Innate Abilities, Weirdness & Mutations

You cannot wear most types of armour.
You are amphibious.
You can wear up to eight rings at the same time.
Your skin changes colour to match your surroundings (Stealth+).
Your rubbery body absorbs attacks. (AC +1, EV +1)
((You are camouflaged near water. (Stealth+)))
You have tentacles for arms and can constrict up to eight enemies at once.


Message History

The adder closely misses you.
Unknown command.
You release your grip on the adder.
The adder misses you.
You miss the adder. Your grab misses the adder. Your squeeze misses the adder.
The adder is almost dead.
The adder barely misses you. You block the adder's attack.
You barely miss the adder. Your grab misses the adder.
The adder is almost dead.
The adder bites you. You block the adder's attack.
You block the gnoll's attack.
You barely miss the adder. Your grab misses the adder.
Your squeeze misses the adder.
The adder is almost dead.
The adder bites you. You block the gnoll's attack.
The adder closely misses you.
The gnoll hits you from afar with a +0 spear!
The adder misses you.
Found 20 stones.
You are too injured to fight recklessly!
You closely miss the adder. Your grab misses the adder.
Your squeeze misses the adder.
The adder is almost dead.
The adder bites you. The adder closely misses you.
You block the adder's attack.
You hit the adder.
You kill the adder!
A worm comes into view.
The gnoll barely misses you.
A kobold comes into view. It is wielding a +0 dagger.
The kobold shouts!
You hear an angry hiss.
A ball python comes into view.
Found a stone staircase leading up.
The kobold throws a stone.
The stone hits you.
The kobold throws a stone.
You block the stone.
You aren't carrying any scrolls.
Unknown command.
Okay, then.
The gnoll hits you with a +0 whip!
You die...

#..........# w.
#.. #..........# .
<... #..........#
##...##..........#
.........KBg....##
##...##..........#
#.. #..S.......#
## #.....g....#
#.....K@...#
#..........#
##........##
##......##
########


You could see 2 gnolls, a giant cockroach, a ball python and 2 kobolds.

Vanquished Creatures
  An adder (D:2)
  An orc (D:2)
  A giant cockroach (D:2)
  A kobold (D:3)
  A quokka (D:2)
  A rat (D:2)
6 creatures vanquished.

Notes
Turn   | Place    | Note
-------+----------+-------------------------------------------
     0 | D:1      | Zeld the Octopode Fighter began the quest for the Orb.
     0 | D:1      | Reached XP level 1. HP: 16/16 MP: 1/1
     5 | D:1      | You fall into a shaft and drop 1 floor!
    14 | D:2      | Found Ysynai's Weapon Shoppe.
   223 | D:2      | Found Xumom's Weapon Emporium.
   225 | D:2      | Found Fynu's Assorted Antiques.
   243 | D:2      | Reached XP level 2. HP: 21/21 MP: 2/2
   293 | D:2      | Slain by a gnoll

Illustrated notes

Levels and vault maps discovered:
D:1:      wander_arrival_peaceful_grave, layout_basic,
          chequers_serial_rivers_large_b
D:2:      layout_rooms, serial_shops, shop, shop, shop_statue,
          nicolae_shop_trees
D:3:      layout_basic, minmay_unequal

Action                   || total
-------------------------++-------
Melee: War axe           ||    18
       Constrict         ||     5
 Stab: Sleeping          ||     1
Armor: Skin              ||     1
Dodge: Dodged            ||    12
Block: Kite shield       ||    15

Table legend: (Time is in decaauts)
 A = Elapsed time spent in this place.
 B = Non-inter-level travel time spent in this place.
 C = Inter-level travel time spent in this place.
 D = Time resting spent in this place.
 E = Time spent auto-exploring this place.
 F = Levels seen in this place.
 G = Mean time per level.
                   A        B        C        D        E       F      G
               +--------+--------+--------+--------+--------+-----+--------+
         Total |    304 |    304 |      0 |      0 |    207 |   3 |  101.3 |
       Dungeon |    304 |    304 |      0 |      0 |    207 |   3 |  101.3 |
               +--------+--------+--------+--------+--------+-----+--------+

Top non-repeatable levels by time:
     D:2: 284 daAuts
     D:3: 14 daAuts
     D:1: 5 daAuts
